Map: Eternal Empire LE

Players

IIIIIIIIII - Winner!

  • Race: Terran Terran
  • League: Master
  • Spawn Location: 7:00

MKH

  • Race: Terran Terran
  • League: Master
  • Spawn Location: 1:00

VOD

Have the link to the VOD?

Description

Time

  • Played on: Dec. 15, 2019, 5:01 p.m.
  • Length: 4:18
Show
View Real Time Build Order
Export as new Build Order

IIIIIIIIII Terran - Winner!

Build Orders:  

Get SALT Encoding   

  12  0:01  SCV  
  13  0:13  SCV  
  14  0:18  Supply Depot  
  14  0:31  Refinery  
  14  0:41  Barracks  
  14  0:55  Barracks  
  14  1:01  SCV  
  15  1:13  SCV  
  16  1:25  SCV  
  17  1:27  Refinery  
  17  1:29  Reaper  
  18  1:41  Orbital Command  
  18  1:55  Reaper  
  19  2:02  Reaper  
  20  2:12  SCV  
  20  2:15  Supply Depot  
  21  2:24  SCV  
  21  2:27  Reaper  
  23  2:34  Reaper  
  23  2:36  SCV  
  22  2:44  Bunker  
  22  2:51  SCV  
  19  2:59  Reaper  
  15  3:06  Reaper  
  9  3:31  Reaper  
  10  3:38  Reaper  
  11  3:53  SCV  
Show
View Real Time Build Order
Export as new Build Order

MKH Terran 

Build Orders:  

Get SALT Encoding   

  12  0:17  SCV  
  13  0:25  Supply Depot  
  13  0:36  SCV  
  13  0:39  Refinery  
  14  0:47  Barracks  
  14  0:59  Barracks  
  14  1:15  Barracks  
  14  1:27  Refinery  
  14  1:34  Reaper  
  15  1:43  SCV  
  15  1:46  Reaper  
  17  2:02  Reaper  
  17  2:06  Reaper  
  19  2:17  Supply Depot  
  19  2:24  Reaper  
  20  2:43  Reaper  
  11  3:12  Reaper  
Tags
 
Add a new tag
Caveats
  • Supply blocks, unpowered buildings, or Contaminate may cause inaccurate times.
  • Supply counts are checked every 10 seconds.